 Dungeon Crawl Stone Soup version 0.20-a0-1089-g3fde505 (webtiles) character file.

1638 Murumi the Covert (level 8, -1/56 HPs)
             Began as a Vampire Enchanter on May 3, 2017.
             Slain by a two-headed ogre
             ... wielding a +0 giant spiked club
              (7 damage)
             ... on level 6 of the Dungeon.
             The game lasted 00:26:50 (7390 turns).

Murumi the Covert (Vampire Enchanter)               Turns: 7390, Time: 00:26:51

Health: -1/56      AC:  9    Str:  7    XL:     8   Next: 66%
Magic:  2/11       EV: 13    Int: 20    God:
Gold:   366        SH:  0    Dex: 17    Spells: 2/11 levels left

rFire    . . .     SeeInvis +   a - +2 dagger
rCold    + + +     Gourm    .   (no shield)
rNeg     + + +     Faith    .   t - +1 robe {rC+}
rPois    ∞         Spirit   .   q - +2 helmet
rElec    .         Reflect  .   k - +2 cloak
rCorr    .         Harm     .   (no gloves)
MR       .....                  (no boots)
Stlth    ++++++++..             (no amulet)
Regen    0.0/turn               x - ring of wizardry
MPRegen  0.2/turn               o - +3 ring of intelligence

@: very slightly contaminated, bloodless, non-regenerating
A: fangs 3, see invisible, unbreathing
a: Bat Form


You were on level 6 of the Dungeon.
You were bloodless.

You visited 1 branch of the dungeon, and saw 6 of its levels.

You collected 366 gold pieces.

Inventory:

Hand Weapons
 a - a +2 dagger (weapon)
Armour
 k - a +2 cloak (worn)
 q - a +2 helmet (worn)
 t - a +1 robe of cold resistance (worn)
Jewellery
 f - an uncursed ring of resist corrosion
 m - an uncursed ring of poison resistance
 o - a +3 ring of intelligence (right hand)
 x - a ring of wizardry (left hand)
Wands
 l - a wand of digging (24/24)
 u - a wand of acid (9/15)
Scrolls
 g - 2 scrolls of identify
 h - a scroll of recharging
 j - a scroll of teleportation
 p - a scroll of enchant weapon
 s - 3 scrolls of enchant armour
Potions
 d - 16 potions of blood
 e - a potion of heal wounds
 n - a potion of lignification
 r - a potion of flight
 w - 2 potions of curing
Books
 b - a book of Geomancy

   Spells                             Type                      Level
   a - Sandblast                      Earth                        1
   b - Passwall                       Transmutation/Earth          2
   c - Stone Arrow                    Conjuration/Earth            3
   d - Petrify                        Transmutation/Earth          4
   e - Lee's Rapid Deconstruction     Earth                        5
 c - a book of Maledictions

   Spells                             Type                      Level
   a - Corona                         Hexes                        1
   b - Ensorcelled Hibernation        Hexes/Ice                    2
   c - Confuse                        Hexes                        3
   d - Tukima's Dance                 Hexes                        3
   e - Dazzling Spray                 Conjuration/Hexes            3
 i - a book of Necromancy

   Spells                             Type                      Level
   a - Pain                           Necromancy                   1
   b - Animate Skeleton               Necromancy                   1
   c - Vampiric Draining              Necromancy                   3
   d - Regeneration                   Charms/Necromancy            3
   e - Animate Dead                   Necromancy                   4
   f - Control Undead                 Necromancy                   4


   Skills:
 - Level 2.2 Fighting
 - Level 6.0 Short Blades
 - Level 3.1 Dodging
 - Level 13.3 Stealth
 - Level 2.0 Spellcasting
 + Level 5.9 Hexes


You had 2 spell levels left.
You knew the following spells:

 Your Spells              Type           Power        Failure   Level  Hunger
a - Corona                Hex            ####...      1%          1    #......
b - Ensorcelled Hibernat  Hex/Ice        ##....       2%          2    ##.....
c - Confuse               Hex            ####....     1%          3    ###....
d - Tukima's Dance        Hex            ####....     1%          3    ###....


Dungeon Overview and Level Annotations

Branches:
Dungeon (6/15)
 Temple: D:4-7

Altars:
Gozag
Okawaru
Vehumet
Xom
The Shining One


Innate Abilities, Weirdness & Mutations

You do not heal naturally.
You are immune to poison.
You have razor-sharp teeth.
You have supernaturally acute eyesight. (SInv)
You can survive without breathing.


Message History

The two-headed ogre resists with some effort.
Casting: Tukima's Dance
Confirm with . or Enter, or press ? or * to list all spells.
Aiming: Tukima's Dance
Press: ? - help, Shift-Dir - straight line, f/p - two-headed ogre
Aim: a two-headed ogre, wielding a giant spiked club and a giant club (chance to defeat MR: 48%)
The giant club dances into the air!
The two-headed ogre closely misses you.
The two-headed ogre hits you with a giant spiked club!!
Casting: Tukima's Dance
Confirm with . or Enter, or press ? or * to list all spells.
Aiming: Tukima's Dance
Press: ? - help, Shift-Dir - straight line, f/p - two-headed ogre
Aim: a two-headed ogre, wielding a giant spiked club (chance to defeat MR: 48%)
You miscast Tukima's Dance.
You are very lightly contaminated with residual magic.
Multicoloured lights dance before your eyes!
The two-headed ogre hits you with a giant spiked club!!
* * * LOW HITPOINT WARNING * * *
The two-headed ogre hits you with a giant spiked club!
You die...

####### #.# #.# #.##
#......###.# .#
#.#####.# #..........#
.### #.......#
.......#.# ...#
######### .#..#...# ...#
#..<...######.#.####
#......#.#..............
##.........####.#..(##
#.......#.# #.@...#
.......###.# ###OS....#
# .##.##. ... ..##..#%#
#. #. .... ..##..#. . #.
.....# ....... ... .#
##.... #.#.# ###.#.#
#...<.#


You could see a two-headed ogre, an adder and a friendly giant club.

Vanquished Creatures
  Grinder (D:3)
  Sigmund (D:6)
  An orc warrior (D:6)
  An ogre (D:6)
  A sky beast (D:5)
  Blork the orc (D:6)
  A wyvern skeleton (D:6)
  2 howler monkeys
  2 crimson imps
  A bullfrog zombie (D:6)
  3 jellies
  An orc priest (D:4)
  2 hounds
  2 bullfrog skeletons
  Crazy Yiuf (D:2)
  Ijyb (D:3)
  2 orc wizards (D:3)
  2 worker ants
  A hound zombie (D:6)
  Robin (D:3)
  3 gnolls (D:5)
  3 adders
  An ooze (D:4)
  2 dart slugs
  5 leopard geckos
  15 orcs
  A ball python (D:3)
  9 bats
  3 giant cockroaches
  16 goblins
  11 hobgoblins
  3 iguanas
  12 jackals
  2 quokkas
  8 frilled lizards
  11 kobolds
  2 leopard gecko skeletons
  A quokka skeleton (D:5)
  10 rats
146 creatures vanquished.

Vanquished Creatures (collateral kills)
  An ogre (D:5)
1 creature vanquished.

Grand Total: 147 creatures vanquished

Notes
Turn   | Place    | Note
-------+----------+-------------------------------------------
     0 | D:1      | Murumi the Vampire Enchanter began the quest for the Orb.
     0 | D:1      | Reached XP level 1. HP: 13/13 MP: 3/3
   482 | D:1      | Reached skill level 5 in Stealth
   718 | D:1      | Reached XP level 2. HP: 18/20 MP: 3/5
   722 | D:1      | Learned a level 2 spell: Ensorcelled Hibernation
   777 | D:1      | Reached skill level 1 in Fighting
  1417 | D:1      | Reached skill level 6 in Stealth
  1417 | D:1      | Reached XP level 3. HP: 26/26 MP: 3/6
  2612 | D:2      | Found a runed door.
  2616 | D:2      | Noticed Crazy Yiuf
  2621 | D:2      | Killed Crazy Yiuf
  2621 | D:2      | Reached skill level 7 in Stealth
  2621 | D:2      | Reached XP level 4. HP: 32/32 MP: 4/7
  2941 | D:3      | Noticed Ijyb
  2947 | D:3      | Killed Ijyb
  2947 | D:3      | Reached skill level 8 in Stealth
  3076 | D:3      | Reached XP level 5. HP: 37/37 MP: 5/8
  3591 | D:3      | Noticed Robin
  3651 | D:3      | Killed Robin
  4167 | D:3      | Noticed Grinder
  4181 | D:3      | Paralysed by Grinder for 6 turns
  4202 | D:2      | Learned a level 3 spell: Confuse
  4483 | D:3      | Killed Grinder
  4483 | D:3      | Reached skill level 5 in Short Blades
  4483 | D:3      | Reached XP level 6. HP: 27/43 MP: 1/9
  4793 | D:4      | Found an iron altar of Okawaru.
  5265 | D:4      | Learned a level 3 spell: Tukima's Dance
  5356 | D:4      | Reached XP level 7. HP: 48/48 MP: 10/10
  5697 | D:4      | Reached skill level 9 in Stealth
  5878 | D:5      | Entered Level 5 of the Dungeon
  6091 | D:5      | Reached skill level 10 in Stealth
  6183 | D:5      | Found a shimmering altar of Xom.
  6337 | D:5      | Reached skill level 11 in Stealth
  6536 | D:5      | Found a radiant altar of Vehumet.
  6539 | D:5      | Found a glowing golden altar of the Shining One.
  6542 | D:5      | Found an opulent altar of Gozag.
  6609 | D:6      | Noticed a two-headed ogre
  6792 | D:6      | Noticed Blork the orc
  6800 | D:6      | Killed Blork the orc
  6810 | D:6      | Noticed Sigmund
  6822 | D:6      | Killed Sigmund
  6822 | D:6      | Reached skill level 12 in Stealth
  6822 | D:6      | Reached XP level 8. HP: 47/54 MP: 1/11
  7050 | D:6      | Reached skill level 13 in Stealth
  7128 | D:6      | Reached skill level 5 in Hexes
  7390 | D:6      | Slain by a two-headed ogre

Vault maps used:
D:1:      dpeg_arrival_stone_temple_mockup
D:2:      first_bread, uniq_crazy_yiuf_cottage
D:3:      uniq_robin, uniq_ijyb, uniq_grinder
D:4:      overflow_temple_1_default
D:5:      grunt_temple_overflow_diamond, minmay_misc_feat_five,
          dk_xom_monty_hall
D:6:      enter_ossuary_4, minmay_bent, uniq_sigmund, uniq_blork_the_orc

Skill      XL: |  1  2  3  4  5  6  7  8 |
---------------+-------------------------+-----
Stealth        | 5 6 7 8 12 13 | 13.3
Fighting       | 1 2 |  2.2
Short Blades   | 2 5 6 |  6.0
Hexes          | 5 |  5.9
Dodging        | 3 |  3.1
Spellcasting   | |  2.0

Action                   |  1- 3 |  4- 6 |  7- 9 || total
-------------------------+-------+-------+-------++-------
Melee: Dagger            |   119 |   195 |   175 ||   489
       Bite              |     7 |    13 |    24 ||    44
 Cast: Corona            |     9 |       |       ||     9
       Ensorcelled Hiber |    26 |    39 |    31 ||    96
       Confuse           |       |     4 |     9 ||    13
       Tukima's Dance    |       |       |     4 ||     4
  Use: Scroll            |     1 |     1 |    12 ||    14
       Potion            |       |     9 |     1 ||    10
 Stab: Sleeping          |    28 |    40 |    30 ||    98
       Confused          |       |     3 |     3 ||     6
       Invisible         |       |       |     2 ||     2
       Distracted        |       |       |     1 ||     1
Armor: Robe              |    24 |    29 |    23 ||    76
       Skin              |       |       |     1 ||     1
Dodge: Dodged            |    82 |    82 |    74 ||   238
